Map: Acid Plant LE

Players

TRIBILDA - Winner!

  • Race: Protoss Protoss
  • Spawn Location: 5:00

A.I. 1 (Very Easy)

  • Race: Terran Terran
  • Spawn Location: 11:00

VOD

Have the link to the VOD?

Description

Time

  • Played on: Jan. 29, 2018, 7:26 a.m.
  • Length: 5:41
Show
View Real Time Build Order
Export as new Build Order

TRIBILDA Protoss - Winner!

Build Orders:  

Get SALT Encoding   

  12  0:02  Probe  
  13  0:15  Probe  
  13  0:19  Pylon  
  14  0:27  Probe  
  15  0:39  Probe (Chrono Boost)  
  15  0:40  Gateway  
  17  0:50  Assimilator, Probe (Chrono Boost)  
  17  0:54  Assimilator  
  17  0:55  Probe (Chrono Boost)  
  18  1:05  Probe  
  19  1:17  Probe  
  20  1:29  Probe  
  20  1:31  Pylon  
  21  1:32  Cybernetics Core  
  21  1:41  Probe  
  22  1:53  Probe  
  23  2:06  Probe, Stalker (Chrono Boost)  
  24  2:12  Stargate  
  24  2:14  Warp Gate  
  26  2:18  Probe  
  27  2:31  Pylon  
  27  2:32  Probe  
  27  2:33  Stalker  
  30  2:47  Pylon  
  30  2:51  Shield Battery  
  30  2:53  Shield Battery  
  30  2:59  Void Ray (Chrono Boost)  
  34  3:18  Gateway  
  34  3:20  Gateway  
  34  3:32  Void Ray (Chrono Boost)  
  38  3:43  Pylon  
  38  4:05  Shield Battery, Void Ray (Chrono Boost)  
  42  4:27  Shield Battery  
  42  4:29  Shield Battery  
  42  4:33  Sentry x2  
  42  4:35  Sentry  
  48  4:47  Nexus  
  48  5:03  Adept x3  
  54  5:24  Probe  
  54  5:26  Pylon  
  55  5:28  Pylon  
Show
View Real Time Build Order
Export as new Build Order

A.I. 1 (Very Easy) Terran 

Build Orders:  

Get SALT Encoding   

  12  0:00  SCV  
  13  0:13  SCV  
  14  0:18  Supply Depot  
  14  0:37  Refinery  
  14  0:42  Barracks  
  14  1:05  Supply Depot  
  14  1:12  Refinery  
  14  1:30  Marine, Orbital Command  
  15  1:55  SCV  
  16  2:05  Marine  
  16  2:08  SCV  
  18  2:20  SCV  
  19  2:32  SCV  
  20  2:40  Marine  
  22  2:44  SCV  
  22  2:56  SCV  
  23  3:46  Marine  
  24  3:50  Supply Depot  
  24  4:14  Marine  
  21  4:43  Marine  
  21  5:04  SCV  
  19  5:12  Marine  
  14  5:16  SCV  
Tags
 
Add a new tag
Caveats
  • Supply blocks, unpowered buildings, or Contaminate may cause inaccurate times.
  • Supply counts are checked every 10 seconds.